 Dungeon Crawl Stone Soup version 0.26.1-11-gd32895ea62 (webtiles) character file.

Game seed: 15842223108533929001

3130 MajorAdolf the Spear-Bearer (level 9, -1/68 HPs)
             Began as a Naga Wanderer on July 23, 2021.
             Was a Priest of Cheibriados.
             Slain by a big kobold
             ... wielding a +0 whip
              (8 damage)
             ... on level 8 of the Dungeon.
             The game lasted 00:19:31 (11288 turns).

MajorAdolf the Spear-Bearer (Naga Wanderer)        Turns: 11288, Time: 00:19:32

Health: -1/68      AC:  9    Str: 21    XL:     9   Next: 92%
Magic:  13/13      EV: 10    Int: 20    God:    Cheibriados [***...]
Gold:   317        SH:  5    Dex: 18    Spells: 8/8 levels left

rFire    . . .     SeeInvis +   G - +5 halberd
rCold    + . .     Faith    .   (shield currently unavailable)
rNeg     + . .     Spirit   .   h - +2 leather armour {rC+}
rPois    +         Reflect  +   k - +0 helmet
rElec    .         Harm     .   o - +0 cloak
rCorr    .         Rampage  .   t - +0 pair of gloves
Will     +....                  (no barding)
Stlth    ++++......             p - amulet of reflection
HPRegen  0.21/turn              y - ring of positive energy
MPRegen  0.13/turn              (no ring)

@: lethally poisoned (-1 -> -1), very slow
A: large, see invisible, deformed body, poison resistance, slowness 2, spit
poison 1, AC +3
a: Spit Poison, Renounce Religion, Bend Time, Temporal Distortion


You were on level 8 of the Dungeon.
You worshipped Cheibriados.
Cheibriados was most pleased with you.
You visited 2 branches of the dungeon, and saw 9 of its levels.

You collected 453 gold pieces.
You spent 136 gold pieces at shops.

Inventory:

Hand Weapons
 a - a +2 spear
 n - a +1 dagger of venom
 u - a cursed +4 scimitar of freezing
 E - a +2 spear of venom
 G - a +5 halberd (weapon)
Missiles
 j - 56 sling bullets
Armour
 h - a +2 leather armour of cold resistance (worn)
 k - a +0 helmet (worn)
 o - a +0 cloak (worn)
 t - a +0 pair of gloves (worn)
Jewellery
 p - an amulet of reflection (around neck)
 y - a ring of positive energy (left hand)
 D - an uncursed ring of fire
Wands
 w - a wand of paralysis (8)
Scrolls
 b - 7 scrolls of teleportation
 c - a scroll of noise {unknown}
 d - 3 scrolls of remove curse
 e - 3 scrolls of identify
 m - a scroll of fog
 r - 2 scrolls of amnesia {unknown}
 s - a scroll of enchant weapon {unknown}
 x - 3 scrolls of blinking
 F - a scroll of vulnerability {unknown}
Potions
 f - 3 potions of attraction
 g - a potion of might
 i - 3 potions of curing
 l - 4 potions of brilliance
 q - a potion of magic {unknown}
 v - 2 potions of heal wounds
 z - a potion of resistance
 A - a potion of lignification
 B - 2 potions of invisibility {unknown}
 C - 3 potions of ambrosia {unknown}


   Skills:
 + Level 10.6 Polearms
 - Level 2.4 Dodging
 + Level 9.4 Stealth
 - Level 2.0 Fire Magic
 - Level 1.0 Air Magic
 + Level 6.4 Invocations
 - Level 1.0 Evocations


You had 8 spell levels left.
You didn't know any spells.
Your spell library was empty.

Dungeon Overview and Level Annotations

Branches:
Dungeon (8/15)             Temple (1/1) D:4            Lair (0/6) D:8

Altars:
Cheibriados
Dithmenos
Elyvilon
Fedhas
Gozag
Hepliaklqana
Kikubaaqudgha
Makhleb
Nemelex Xobeh
Okawaru
Ru
Sif Muna
Trog
Uskayaw
Vehumet
Wu Jian
Xom
Yredelemnul
Zin
The Shining One

Shops:
D:6 *

Annotations:
D:2 exclusion: downstairs
D:7 2 transporters


Innate Abilities, Weirdness & Mutations

You cannot wear boots.
Your serpentine skin is tough. (AC +3)
You have supernaturally acute eyesight. (SInv)
Armour fits poorly on your strangely shaped body.
Your system is resistant to poisons. (rPois)
You cover ground very slowly.
You can spit poison.


Message History

Unknown command.
You hit Joseph.
Joseph is almost dead.
You hear the steady creaking of a very distant portcullis.
Joseph hits you with a +0 quarterstaff.
* * * LOW HITPOINT WARNING * * *
Unknown command.
You puncture Joseph!
You kill Joseph!
Cheibriados thoroughly appreciates the change of pace.
You block the big kobold's attack.
Your Stealth skill increases to level 9!
Unknown command.
You barely miss the big kobold. The big kobold hits you with a +0 whip.
* * * LOW HITPOINT WARNING * * *
Unknown command.
You slice the big kobold!!
The big kobold is severely wounded.
The big kobold hits you with a +0 whip!
You die... ...# #..# #..# #..# ##..# .KK

# #K#
#####.#@#
#@....#)##
#......#
#.###..#
.(.#(.#
...####.#..#
#.........#
.#..###.##.#
...........#


You could see a big kobold and 2 kobolds.

Vanquished Creatures
  Joseph (D:8)
  A water moccasin (D:7)
  Purgy (D:3)
  A sky beast (D:7)
  An orc warrior (D:7)
  A black bear (D:5)
  A phantom (D:6)
  3 ogres
  2 centaurs
  4 bullfrogs (D:7)
  A big kobold (D:7)
  A scorpion (D:5)
  9 wights
  3 howler monkeys
  A bullfrog zombie (D:5)
  3 hounds
  A quasit (D:7)
  2 orc priests
  2 jellies (D:7)
  2 orc wizards
  Jessica (D:3)
  Terence (D:2)
  3 iguanas
  Ijyb (D:5)
  Natasha (thrice) (D:2)
  4 worker ants
  A worker ant zombie (D:3)
  Robin (D:1)
  7 adders
  3 shadow imps (D:6)
  2 white imps
  2 ufetubi
  2 oozes (D:4)
  3 adder skeletons
  2 worms
  4 dart slugs
  9 leopard geckos
  14 orcs
  A ball python (D:1)
  9 bats
  10 giant cockroaches
  17 goblins
  10 hobgoblins
  10 jackals
  14 kobolds
  3 quokkas
  4 frilled lizards
  A jackal skeleton (D:4)
  A quokka skeleton (D:5)
  5 rats
189 creatures vanquished.

Notes
Turn   | Place    | Note
-------+----------+-------------------------------------------
     0 | D:1      | MajorAdolf the Naga Wanderer began the quest for the Orb.
     0 | D:1      | MajorAdolf set off with the following items: a +2 spear, a
                  | scroll of teleportation, a potion of lignification, a +0
                  | robe
     0 | D:1      | Reached XP level 1. HP: 15/15 MP: 1/1
   180 | D:1      | Reached XP level 2. HP: 18/22 MP: 2/2
   461 | D:1      | Reached skill level 3 in Polearms
   905 | D:2      | Noticed Robin
   966 | D:1      | Reached XP level 3. HP: 8/28 MP: 3/3
  1675 | D:1      | Reached skill level 4 in Polearms
  1990 | D:1      | Reached XP level 4. HP: 29/36 MP: 4/4
  2507 | D:1      | Killed Robin
  2782 | D:2      | Found a faded altar of an unknown god.
  2907 | D:2      | Noticed Terence
  2917 | D:2      | Killed Terence
  2918 | D:2      | Reached skill level 5 in Polearms
  2918 | D:2      | Reached XP level 5. HP: 32/42 MP: 5/5
  3150 | D:2      | Noticed Natasha
  3161 | D:2      | Killed Natasha
  3521 | D:2      | Noticed Natasha
  3536 | D:2      | Killed Natasha
  3579 | D:2      | Noticed Natasha
  3584 | D:2      | Killed Natasha
  3754 | D:3      | Reached skill level 6 in Polearms
  3875 | D:2      | Reached XP level 6. HP: 41/49 MP: 6/6
  4231 | D:3      | Noticed Purgy
  4470 | D:3      | Noticed Jessica
  4480 | D:3      | Killed Jessica
  4654 | D:3      | Killed Purgy
  4655 | D:3      | Reached skill level 7 in Polearms
  4655 | D:3      | Reached XP level 7. HP: 55/55 MP: 7/7
  5413 | D:4      | Found a sacrificial altar of Ru.
  5414 | D:4      | Found a bloodstained altar of Trog.
  5416 | D:4      | Found a burning altar of Makhleb.
  5582 | D:4      | Found a hazy altar of Hepliaklqana.
  5965 | D:4      | Reached skill level 8 in Polearms
  6915 | D:4      | Found a staircase to the Ecumenical Temple.
  7144 | Temple   | Entered the Ecumenical Temple
  7426 | Temple   | Became a worshipper of Cheibriados the Contemplative
  7507 | D:5      | Entered Level 5 of the Dungeon
  7582 | D:4      | Reached skill level 9 in Polearms
  7582 | D:4      | Reached XP level 8. HP: 49/62 MP: 8/8
  7896 | D:4      | Reached skill level 1 in Invocations
  8318 | D:5      | Noticed Ijyb
  8328 | D:5      | Killed Ijyb
  8572 | D:5      | Reached * piety under Cheibriados
  9090 | D:6      | Reached skill level 5 in Stealth
  9452 | D:6      | Reached ** piety under Cheibriados
  9458 | D:6      | Found Ycu Fuez's Assorted Antiques.
  9463 | D:6      | Bought a fuming silvery potion for 18 gold pieces
  9463 | D:6      | Bought a fuming silvery potion for 18 gold pieces
  9463 | D:6      | Bought a peridot ring for 100 gold pieces
  9807 | D:7      | Found a transporter.
  9875 | D:7      | Reached XP level 9. HP: 68/68 MP: 12/12
 10291 | D:7      | Reached skill level 10 in Polearms
 10387 | D:7      | Reached skill level 5 in Invocations
 10493 | D:7      | Found a transporter.
 10879 | D:7      | Reached *** piety under Cheibriados
 11182 | D:8      | Found a staircase to the Lair.
 11270 | D:8      | Noticed Joseph
 11286 | D:8      | Killed Joseph
 11288 | D:8      | Slain by a big kobold

Illustrated notes

Levels and vault maps discovered:
D:1:      scummos_arrival_forest, layout_loops_ring
D:2:      layout_rooms, chequers_ecumenical_altar_simple, uniq_terence,
          uniq_robin, uniq_natasha
D:3:      layout_rooms, uniq_jessica, uniq_purgy
D:4:      layout_loops_corners, nzn_hepliaklqana_mist_gate,
          chequers_temple_overflow_statue_of_worship, temple_hall
D:5:      layout_rooms, dk_vineyard_2, uniq_ijyb
D:6:      layout_cave_pools, serial_shops, shop_statue
D:7:      gammafunk_cloud_chamber, layout_loops_cross, hangedman_decor_points
D:8:      layout_basic, lemuel_crystal_altar, kennysheep_little_box,
          erik_lair_island, enter_bailey_5, serial_shops, kennysheep_mini_moat,
          gammafunk_ghost_smash, uniq_joseph, uniq_psyche
Temple:   eino_temple_scatter_basement

Skill      XL: |  1  2  3  4  5  6  7  8  9 |
---------------+----------------------------+-----
Polearms       | 3 4 5 6 7 9 10 | 10.6
Stealth        | 6 9 |  9.4
Invocations    | 4 6 |  6.4
Dodging        | |  2.4
Fire Magic     | |  2.0
Air Magic      | |  1.0
Evocations     | |  1.0

Action                   |  1- 3 |  4- 6 |  7- 9 || total
-------------------------+-------+-------+-------++-------
Melee: Spear             |   109 |   235 |   469 ||   813
       Halberd           |       |       |    36 ||    36
Invok: Bend Time         |       |       |     1 ||     1
 Abil: Spit Poison       |     5 |    12 |    22 ||    39
Evoke: Wand              |       |       |     1 ||     1
  Use: Scroll            |     2 |     4 |     5 ||    11
       Potion            |       |     1 |       ||     1
 Stab: Sleeping          |     2 |     1 |     7 ||    10
       Distracted        |       |       |     2 ||     2
       Paralysed         |       |       |     7 ||     7
Armor: Ring mail         |    48 |    40 |       ||    88
       Leather armour    |     7 |    51 |   120 ||   178
       Skin              |       |    24 |       ||    24
Dodge: Dodged            |    69 |   113 |   170 ||   352
Block: Other             |       |       |    78 ||    78
       Reflection        |       |       |     2 ||     2
